 Dungeon Crawl Stone Soup version 0.19-a0-628-g9200b3b (webtiles) character file.

2872458 mistymad the Imperceptible (level 27, 186/233 HPs)
             Began as a Vampire Enchanter on June 12, 2016.
             Was the Champion of Ashenzari.
             Escaped with the Orb
             ... and 5 runes on June 13, 2016!
             The game lasted 07:24:45 (82747 turns).

mistymad the Imperceptible (Vampire Enchanter)     Turns: 82747, Time: 07:24:46

Health: 186/233    AC: 27    Str: 12    XL:     27
Magic:  46/46      EV: 36    Int: 21    God:    Ashenzari [******]
Gold:   3756       SH: 25    Dex: 23    Spells: 17 memorised, 3 levels left

rFire  + + +     SeeInvis +     s - +10 quick blade "Jellybane" {pierce, rF+ rN+ Str-2 Stlth+} (curse)
rCold  + + +     Gourm    .     n - +2 robe {rC+ rF+} (curse)
rNeg   + + +     Faith    .     V - +5 shield {reflect} (curse)
rPois  ∞         Spirit   .     E - +1 helmet {Int+3} (curse)
rElec  .         Dismiss  .     q - +2 cloak (curse)
rCorr  .         Reflect  +     a - +3 pair of gauntlets of War {Slay+5} (curse)
SustAt .         Harm     .     W - +2 pair of boots {Fly} (curse)
MR     ++...     Clarity  +     Z - amulet "Ujiete" {Reflect rN+++ SH+5} (curse)
Stlth  ++........ Rnd*Tele +    z - ring "Junki" {rPois rF++ MP+9 Str+4 Slay+2} (curse)
                                i - ring of Robustness {AC+8} (curse)

@: mighty, very slightly contaminated, bloodless, non-regenerating, hasted
(expiring), glowing, studying Throwing, deflect missiles, very quick, very
resistant to hostile enchantments, unstealthy
A: fangs 3, iridescent scales 1, see invisible, berserk 1, clumsy 1, deformed
body, dopey 1, low mp 1, teleportitis 1, weak 1, unbreathing, subdued magic 1
a: Bat Form, Curse Item, Scrying, Transfer Knowledge, Renounce Religion, Evoke
Flight
0: Orb of Zot
}: 5/15 runes: barnacled, slimy, silver, abyssal, gossamer


You escaped.
You worshipped Ashenzari.
Ashenzari was exalted by your worship.
You were bloodless.

You visited 11 branches of the dungeon, and saw 55 of its levels.
You visited the Abyss 3 times.
You also visited: Ossuary and Ice Cave.

You collected 8220 gold pieces.
You spent 4464 gold pieces at shops.

Inventory:

Hand Weapons
 s - the cursed +10 quick blade "Jellybane" (weapon) {pierce, rF+ rN+ Str-2 Stlth+}
   (You acquired it on level 1 of the Elven Halls)

   It inflicts extra damage upon your enemies.
   It affects your strength (-2).
   It protects you from fire.
   It protects you from negative energy.
   It makes you more stealthy.
   It has a curse placed upon it.
 K - the +8 great sword "mistymad's Death" {antimagic, -Tele rElec rPois rC++}
   (You found it on level 4 of the Shoals)

   It reduces the magical energy of the wielder, and disrupts the spells and
   magical abilities of those hit.
   Natural abilities and divine invocations are not affected.
   It greatly protects you from cold.
   It insulates you from electricity.
   It protects you from poison.
   It prevents most forms of teleportation.
Missiles
 P - 11 throwing nets (quivered)
Armour
 a - the cursed +3 pair of gauntlets of War (worn) {Slay+5}
   (You bought it in a shop on level 9 of the Dungeon)

   It affects your accuracy and damage with ranged weapons and melee attacks
   (+5).
   It has a curse placed upon it.
 n - a cursed +2 robe of resistance (worn)
 q - a cursed +2 cloak (worn)
 E - a cursed +1 helmet of intelligence (worn)
 V - a cursed +5 shield of reflection (worn)
 W - a cursed +2 pair of boots of flying (worn)
Jewellery
 i - the cursed ring of Robustness (left hand) {AC+8}
   (You took it off a deep elf high priest on level 1 of the Elven Halls)

   [ring of protection]

   It affects your AC (+8).
   It has a curse placed upon it.
 z - the cursed ring "Junki" (right hand) {rPois rF++ MP+9 Str+4 Slay+2}
   (You took it off a deep elf knight on level 5 of the Vaults)

   [ring of slaying]

   It affects your strength (+4).
   It affects your accuracy and damage with ranged weapons and melee attacks
   (+2).
   It greatly protects you from fire.
   It protects you from poison.
   It affects your magic capacity (+9).
   It has a curse placed upon it.
 Z - the cursed amulet "Ujiete" (around neck) {Reflect rN+++ SH+5}
   (You found it on level 2 of the Depths)

   [amulet of reflection]

   It shields you and reflects attacks.
   It renders you almost immune to negative energy.
   It affects your SH (+5).
   It has a curse placed upon it.
Wands
 f - a wand of teleportation (4/9)
 r - a wand of digging (14/24)
 v - a wand of paralysis (11/24)
Scrolls
 b - 3 scrolls of blinking
 e - 11 scrolls of fear
 g - 6 scrolls of amnesia
 j - 23 scrolls of remove curse
 p - 3 scrolls of fog
 t - 4 scrolls of immolation
 x - a scroll of magic mapping
 y - 8 scrolls of recharging
 H - 8 scrolls of teleportation
 T - 2 scrolls of summoning
 U - a scroll of silence
 X - 15 scrolls of identify
Potions
 h - 2 potions of heal wounds
 m - 8 potions of cancellation
 u - 3 potions of might
 A - 16 potions of brilliance
 F - 6 potions of invisibility
 I - 7 potions of magic
 J - 5 potions of haste
 L - a potion of cure mutation
 M - 5 potions of curing
 O - 4 potions of agility
 Q - 8 potions of flight
 R - 3 potions of beneficial mutation
 S - a potion of resistance
Books
 C - a manual of Throwing
Miscellaneous
 k - 2 phantom mirrors
 l - a phial of floods
 o - a lamp of fire
 w - a box of beasts
 D - a fan of gales
 G - a crystal ball of energy


   Skills:
 * Level 22.4 Fighting
 - Level 10.2(14.5) Short Blades
 - Level 10.0 Throwing
 + Level 23.1(26.4) Dodging
 - Level 25.1(27) Stealth
 - Level 16.2(18.7) Shields
 - Level 14.9 Spellcasting
 - Level 20.4(23.9) Hexes
 - Level 14.8(18.8) Charms
 + Level 12.9(17.0) Summonings
 - Level 8.5(12.9) Necromancy
 - Level 8.2(12.6) Translocations
 - Level 9.2(13.5) Evocations


You had 3 spell levels left.
You knew the following spells:

 Your Spells              Type           Power        Failure   Level  Hunger
a - Corona                Hex            ######.      0%          1    None
b - Ensorcelled Hibernat  Hex/Ice        ######       1%          2    None
c - Confuse               Hex            ######..     0%          3    None
d - Tukima's Dance        Hex            ######..     0%          3    None
e - Dazzling Spray        Conj/Hex       ######       1%          3    None
f - Spectral Weapon       Hex/Chrm       ######..     0%          3    None
g - Regeneration          Chrm/Necr      ######....   0%          3    None
h - Invisibility          Hex            ######..     1%          6    #####..
i - Passwall              Tmut/Erth      ##........   4%          2    None
j - Repel Missiles        Chrm/Air       #####.       1%          2    None
k - Blink                 Tloc           N/A          1%          2    None
l - Summon Lightning Spi  Summ/Air       #####...     1%          4    None
m - Ozocubu's Armour      Chrm/Ice       #####...     1%          3    None
n - Deflect Missiles      Chrm/Air       #####.....   12%         6    #####..
o - Shadow Creatures      Summ           N/A          1%          6    #####..
p - Shroud of Golubria    Chrm/Tloc      ######....   0%          2    None
q - Apportation           Tloc           ######....   0%          1    None


Dungeon Overview and Level Annotations

Branches:
Dungeon (15/15)            Temple (1/1) D:5            Lair (6/6) D:11
 Shoals (4/4) Lair:4       Spider (4/4) Lair:2        Slime (5/5) Lair:5
    Orc (2/2) D:12            Elf (3/3) Orc:2        Vaults (5/5) D:13
  Crypt (0/3) Vaults:2     Depths (5/5) D:15            Zot (5/5) Depths:5

Altars:
Ashenzari
Cheibriados
Dithmenos
Elyvilon
Fedhas
Gozag
Hepliaklqana
Kikubaaqudgha
Makhleb
Nemelex Xobeh
Okawaru
Pakellas
Qazlal
Ru
Sif Muna
Trog
Uskayaw
Vehumet
Xom
Yredelemnul
Zin
The Shining One
Beogh
Jiyva

Shops:
D:9 [!%[   D:12 (   D:13 ?   Orc:2 ([[?:   Elf:1 :   Elf:2 (   Elf:3 (
Shoals:4 [   Vaults:2 *   Vaults:3 (   Vaults:4 *(   Vaults:5 %%%}   Depths:3 [

Portals:
Hell: Depths:1 Depths:2 Depths:3 Depths:4 Depths:5
Abyss: Depths:2 Depths:3 Depths:4 Depths:5
Pandemonium: Depths:1 Depths:3 Depths:5
Ziggurat: Depths:4

Annotations:
Vaults:3 exclusion: 2 doors, Mennas
Zot:3 exclusions: 2 orbs of fire and 2 more exclusions
Zot:4 16 runed doors


Innate Abilities, Weirdness & Mutations

You do not heal naturally.
You are immune to poison.
You have razor-sharp teeth.
You have supernaturally acute eyesight. (SInv)
You can survive without breathing.
You are partially covered in iridescent scales. (AC +4)
You tend to lose your temper in combat.
You are clumsy. (Dex -2)
Armour fits poorly on your strangely shaped body.
You are dopey. (Int -2)
Your magical capacity is low. (-10% MP)
You are occasionally teleported next to monsters.
You are weak. (Str -2)
Your spells are a little easier to cast, but a little less powerful.


Message History

You block the ice devil's attack.
You barely miss the ice devil. You impale the ice devil!!
The ice devil is severely wounded.
You puncture the ice devil!
You kill the ice devil!
No target in view!
There is an open door here.
Your extra speed is starting to run out.
An angel and a seraph come into view.
The seraph is wielding a great sword of flaming.
The angel is wielding a whip of holy wrath.
There is an open door here.
There is a staircase leading out of the dungeon here.
You close the door.
There is a staircase leading out of the dungeon here.
You can't go down here!
Unknown command.
Unknown command.
You can't go down here!
You have escaped!

#####################
(.......'.....'.....#
####...##.⌠..##....##
##...###)..###...##
##...## #..## #..##
#...## #{## #.##
...## #'#####'#####
..## #....A'.....#
.## #....##.@..## ##
#A..###...## # #..##
#..## #A## #.##
########### ###
....#.....#
..#.#)###.#
.........>#
......###.#


You could see a seraph.

Vanquished Creatures
  the Royal Jelly (Slime:5)
  A pandemonium lord (D:15)
  5 orbs of fire
  Mara (Depths:2)
  9 ancient liches
  Sojobo (Depths:1)
  3 curse toes
  6 Killer Klowns
  Saint Roka (Vaults:3)
  8 golden dragons
  Nikola (Shoals:4)
  Arachne (Spider:3)
  Jory (Vaults:3)
  3 bone dragons
  Jorgrun (Shoals:3)
  3 electric golems (Zot:5)
  A hellephant (Abyss:3)
  4 liches
  Rupert (D:15)
  19 Orb Guardians
  24 tentacled monstrosities
  A deep elf master archer (Elf:3)
  2 quicksilver dragons
  10 acid blobs
  3 deep elf blademasters
  6 death cobs
  7 titans
  Polyphemus (Shoals:3)
  A kraken (Shoals:1)
  7 sphinxes
  An Executioner (D:1)
  Kirke (Shoals:4)
  3 draconian monks
  13 storm dragons
  10 shadow dragons
  4 tengu reavers
  Ilsuiw (Shoals:4)
  13 fire giants
  Donald (Shoals:3)
  5 deep elf sorcerers
  Wiglaf (Vaults:4)
  6 azure jellies
  6 draconian knights
  Aizul (Shoals:1)
  9 ghost moths
  13 frost giants
  A frost giant (shapeshifter) (Depths:4)
  6 emperor scorpions
  An orc warlord (Depths:2)
  A balrug (Depths:3)
  14 vault wardens
  A cacodemon (D:15)
  5 draconian scorchers
  Louise (Spider:3)
  2 draconian zealots
  3 draconian annihilators
  3 deep elf elementalists
  34 very ugly things
  14 ironheart preservers
  The ghost of tstbtto the Severer, a journeyman CeBe of Trog (Lair:6)
  A curse skull (Vaults:2)
  4 spriggan defenders
  21 stone giants
  3 war gargoyles
  A caustic shrike skeleton (Depths:1)
  8 vampire knights
  3 draconian callers
  A lorocyproca (D:3)
  Nessos (D:15)
  17 black draconians
  11 deep elf annihilators
  8 deep elf demonologists
  13 purple draconians
  5 green draconians
  7 mottled draconians
  5 yellow draconians
  8 white draconians
  2 spark wasps
  5 merfolk javelineers
  6 red draconians
  22 ettins
  Snorg (Lair:5)
  8 jiangshi
  3 blizzard demons
  7 deep elf death magi
  6 merfolk impalers
  5 death oozes
  17 yaktaur captains
  15 fire dragons
  Josephine (D:10)
  8 entropy weavers
  5 deep elf high priests
  13 great orbs of eyes
  7 rakshasas
  Harold (Lair:1)
  6 hydras
  34 vault guards
  19 ice dragons
  4 catoblepae
  5 spriggan air magi
  Erica (D:11)
  2 merfolk avatars
  3 merfolk aquamancers (Shoals:4)
  12 centaur warriors
  7 ogre magi
  3 satyrs (Shoals:4)
  24 dancing weapons
  2 death knights
  4 deep troll shamans
  4 orc high priests
  6 tengu warriors
  7 vampire magi
  24 death yaks
  8 deep troll earth magi
  Nergalle (Orc:2)
  A hell hog (shapeshifter) (Vaults:5)
  Urug (Lair:3)
  A soul eater (Depths:4)
  A thrashing horror (Abyss:3)
  Sonja (D:13)
  3 spriggans
  5 spriggan berserkers
  21 deep elf knights
  2 sun demons (Depths:3)
  A fire crab (shapeshifter) (Depths:2)
  A salamander mystic (Depths:4)
  6 shadow wraiths
  3 fire crabs
  2 hell knights
  A deep troll (shapeshifter) (Depths:2)
  8 sea snakes
  3 unseen horrors
  4 giant orange brains
  25 deep trolls
  An orange crystal statue (Depths:1)
  20 deep elf archers
  2 shadow demons (Elf:3)
  4 small abominations
  15 orc knights
  An unseen horror (shapeshifter) (Vaults:3)
  5 flayed ghosts
  A necromancer (Depths:1)
  5 hill giants
  2 wolf spider zombies
  7 wizards
  14 ironbrand convokers
  9 phantasmal warriors
  An orb spider (shapeshifter) (Depths:2)
  2 shadow dragon skeletons (Depths:1)
  16 harpies
  16 orb spiders
  60 ugly things
  3 frost giant zombies (Depths:4)
  4 fire giant zombies (Depths:4)
  9 hornets
  9 orc sorcerers
  2 shining eyes
  15 griffons
  20 fauns
  58 deep elf magi
  A hornet (shapeshifter) (Vaults:4)
  A sphinx skeleton (Depths:1)
  34 wolf spiders
  2 oklob plants (Shoals:4)
  Maurice (D:11)
  5 cyclopes
  4 sixfirhies
  22 moths of wrath
  3 salamanders (Depths:4)
  6 manticores
  A shining eye (shapeshifter) (Vaults:5)
  5 elephants (Lair:6)
  15 vault sentinels
  A smoke demon (D:9)
  4 black mambas
  A black mamba (shapeshifter) (Vaults:2)
  A water nymph (shapeshifter) (Vaults:5)
  A gargoyle (D:15)
  5 water nymphs
  4 centaur skeletons
  A rust devil (Depths:1)
  10 sirens
  A torpor snail (Spider:2)
  An orange demon (Depths:1)
  16 spiny frogs
  7 komodo dragons
  2 kobold demonologists (Elf:3)
  5 freezing wraiths
  An efreet (Abyss:3)
  4 rime drakes
  An ice devil (D:1)
  11 demonic crawlers
  A tormentor (Depths:1)
  A komodo dragon (shapeshifter) (Depths:1)
  57 yaktaurs
  6 hellwings
  An elf skeleton (Depths:1)
  3 red devils
  6 tengu conjurers
  A silent spectre (Abyss:3)
  A queen bee (Depths:2)
  A troll (shapeshifter) (Vaults:5)
  43 jumping spiders
  3 wind drakes
  25 merfolk
  7 two-headed ogres
  Grinder (D:6)
  11 polar bears
  6 trolls
  A raiju (Depths:4)
  Prince Ribbit (D:9)
  4 blink frogs
  A giant leech (shapeshifter) (Vaults:5)
  38 slime creatures
  5 boulder beetles
  4 blink frogs (shapeshifter)
  2 large abominations (Abyss:3)
  9 snapping turtles
  An iron dragon simulacrum (Abyss:3)
  2 human simulacra (Vaults:3)
  Sigmund (D:6)
  6 flying skulls (Depths:4)
  88 redbacks
  6 shadows
  11 air elementals
  A spriggan (shapeshifter) (Vaults:1)
  26 water elementals
  7 wraiths
  A hog (Shoals:3)
  A yak (shapeshifter) (D:14)
  88 yaks
  37 tarantellas
  A neqoxec (Abyss:3)
  4 wyverns
  19 humans (D:13)
  Eustachio (D:6)
  A golden eye (Slime:5)
  Grum (D:10)
  2 steam dragons
  3 hungry ghosts
  3 fire elementals
  17 vampire mosquitoes
  5 hippogriffs
  4 basilisks
  A soldier ant (D:14)
  6 wargs
  2 swamp worms (shapeshifter)
  20 water moccasins
  13 hell hounds
  9 porcupines
  A giant eyeball (Abyss:3)
  41 orc warriors
  5 sky beasts
  2 black bears (shapeshifter)
  4 wasps
  2 black bears
  2 phantoms
  5 ice beasts
  38 wolves
  An ogre (shapeshifter) (Vaults:4)
  23 ogres
  13 boggarts
  39 centaurs
  4 eyes of draining
  12 crocodiles
  4 big kobolds
  The ghost of Xiguana the Ruffian, an amateur VSMo (D:3)
  20 giant frogs
  Blork the orc (D:6)
  A wyvern zombie (D:10)
  2 earth elementals (Elf:1)
  6 scorpions
  A wyvern skeleton (D:14)
  25 killer bees
  8 wights
  A howler monkey (D:10)
  10 crimson imps
  2 quasits
  A wasp zombie (D:8)
  2 centaur zombies
  6 hounds
  A human zombie (Ossuary)
  6 jellies
  17 orc priests
  Crazy Yiuf (D:2)
  4 giant frog skeletons
  Terence (D:2)
  6 iguanas
  36 orc wizards
  7 worker ants
  48 sheep
  2 hound skeletons
  4 mummies
  A worker ant zombie (D:5)
  11 adders
  3 gnolls (D:10)
  30 river rats
  A shadow imp (D:8)
  11 white imps (Orc:1)
  An ooze (D:7)
  An adder skeleton (D:6)
  A worm (D:2)
  A ball lightning (Zot:5)
  5 dart slugs
  8 giant geckos
  126 orcs
  5 bats
  4 giant cockroaches
  3 gnoll zombies (Ossuary)
  10 goblins
  6 hobgoblins
  6 jackals
  10 quokkas
  12 giant newts
  A goblin zombie (Ossuary)
  A jackal zombie (D:7)
  28 kobolds
  4 kobold zombies (Ossuary)
  2 orc zombies (Ossuary)
  3 quokka zombies (Ossuary)
  8 rats
  4 rat zombies (Ossuary)
  A bush (Depths:3)
  3 crawling corpses (Vaults:5)
  A macabre mass (Depths:5)
2656 creatures vanquished.

Vanquished Creatures (collateral kills)
  A Killer Klown (Zot:5)
  5 Orb Guardians (Zot:5)
  2 tentacled monstrosities (Zot:5)
  A cacodemon (Depths:1)
  A black draconian (Zot:5)
  A mottled draconian (Zot:5)
  2 hill giants
  3 ogres
  An ufetubus (D:15)
17 creatures vanquished.

Vanquished Creatures (others)
  A deep elf master archer (Elf:3)
  An Executioner (Depths:1)
  A frost giant (Vaults:5)
  A vault warden (Vaults:5)
  A deep elf elementalist (Elf:3)
  A stone giant (Depths:3)
  4 merfolk javelineers
  A deep elf high priest (Vaults:5)
  An ice dragon (Zot:2)
  2 yaktaur captains
  A satyr (Shoals:4)
  A deep elf knight (Elf:1)
  3 deep elf archers (Elf:2)
  An ugly thing (Depths:1)
  2 deep elf magi
  An orc sorcerer (Vaults:3)
  A wolf spider (Vaults:5)
  2 fauns
  A moth of wrath (Zot:5)
  A manticore (Shoals:4)
  2 sirens (Shoals:4)
  7 yaktaurs
  A polar bear (IceCv)
  2 redbacks (Spider:4)
  A water elemental (Depths:1)
  2 yaks (IceCv)
  A human (Shoals:4)
  An orc warrior (Elf:1)
  A wolf (IceCv)
  A boggart (Depths:1)
  7 centaurs
  A snapping turtle simulacrum (Abyss:3)
  3 orc priests
  3 orc wizards
  A white imp (Orc:1)
  5 orcs
  A block of ice (Depths:1)
  2 bushes (Depths:3)
  A crawling corpse (Depths:5)
  15 fungi
  86 plants
  15 spectral weapons
  4 tentacles (Shoals:1)
  277 tentacle segments (Shoals:1)
468 creatures vanquished.

Grand Total: 3141 creatures vanquished

Notes
Turn   | Place    | Note
--------------------------------------------------------------
     0 | D:1      | mistymad the Vampire Enchanter began the quest for the Orb.
     0 | D:1      | Reached XP level 1. HP: 13/13 MP: 3/3
   202 | D:1      | Reached XP level 2. HP: 6/20 MP: 3/5
   638 | D:1      | Learned a level 2 spell: Ensorcelled Hibernation
  1068 | D:1      | Reached XP level 3. HP: 25/25 MP: 6/6
  1142 | D:1      | Reached skill level 5 in Hexes
  1213 | D:2      | Found an opulent altar of Gozag.
  1233 | D:2      | Found a blossoming altar of Fedhas.
  1470 | D:2      | Noticed an air elemental
  1598 | D:2      | Found a bloodstained altar of Trog.
  1654 | D:2      | Noticed Terence
  1655 | D:2      | Noticed a water elemental
  1656 | D:2      | Killed Terence
  1656 | D:2      | Reached skill level 1 in Fighting
  1656 | D:2      | Reached XP level 4. HP: 32/32 MP: 7/7
  1662 | D:2      | Reached skill level 5 in Stealth
  1673 | D:2      | Learned a level 3 spell: Confuse
  1675 | D:2      | Found a stormy altar of Qazlal.
  1676 | D:2      | Noticed a fire elemental
  1676 | D:2      | Noticed an earth elemental
  1731 | D:2      | Noticed Crazy Yiuf
  1738 | D:2      | Killed Crazy Yiuf
  2100 | D:2      | Reached XP level 5. HP: 37/37 MP: 3/8
  2241 | D:2      | Learned a level 3 spell: Tukima's Dance
  2621 | D:3      | Found a bloodstained altar of Trog.
  2727 | D:3      | Noticed Xiguana's ghost (amateur VSMo)
  2768 | D:3      | Killed Xiguana's ghost
  3456 | D:4      | Noticed a phantom
  3471 | D:4      | Killed a phantom
  3471 | D:4      | Reached skill level 6 in Stealth
  3471 | D:4      | Reached XP level 6. HP: 35/44 MP: 4/10
  4169 | D:4      | Reached XP level 7. HP: 51/51 MP: 4/11
  4365 | D:5      | Entered Level 5 of the Dungeon
  4379 | D:5      | Found a staircase to the Ecumenical Temple.
  4497 | Temple   | Entered the Ecumenical Temple
  4535 | Temple   | Became a worshipper of Ashenzari the Shackled
  4710 | D:5      | Learned a level 3 spell: Dazzling Spray
  4871 | D:5      | Found a shadowy altar of Dithmenos.
  5111 | D:5      | Found an iron altar of Okawaru.
  5690 | D:5      | Found a snail-covered altar of Cheibriados.
  5761 | D:6      | Noticed Sigmund
  5769 | D:6      | Reached skill level 7 in Stealth
  5782 | D:6      | Killed Sigmund
  5782 | D:6      | Reached XP level 8. HP: 58/58 MP: 5/13
  5848 | D:6      | Noticed Eustachio
  5860 | D:6      | Killed Eustachio
  6064 | D:6      | Reached skill level 5 in Dodging
  6078 | D:6      | Learned a level 3 spell: Spectral Weapon
  6091 | D:6      | Noticed Grinder
  6123 | D:6      | Killed Grinder
  6123 | D:6      | Reached skill level 8 in Stealth
  6479 | D:6      | Noticed Blork the orc
  6500 | D:6      | Killed Blork the orc
  6726 | D:7      | Found a sand-covered staircase.
  6766 | Ossuary  | Entered an ossuary
  7158 | D:7      | Reached * piety under Ashenzari
  7360 | D:7      | Found an oddly glowing altar of Pakellas.
  7753 | D:8      | Reached XP level 9. HP: 65/65 MP: 16/16
  7760 | D:8      | Reached skill level 9 in Stealth
  7800 | D:8      | Reached skill level 5 in Short Blades
  8145 | D:8      | Reached skill level 5 in Spellcasting
  8307 | D:8      | Learned a level 3 spell: Regeneration
  8413 | D:8      | Found a stormy altar of Qazlal.
  8414 | D:8      | Found a burning altar of Makhleb.
  8547 | D:8      | Reached skill level 1 in Charms
  8852 | D:9      | Found Viysikasch's Distillery.
  8855 | D:9      | Bought a potion of lignification for 39 gold pieces
  8929 | D:9      | Found Gusibod's Armour Emporium.
  9043 | D:9      | Noticed Prince Ribbit
  9067 | D:9      | Killed Prince Ribbit
  9067 | D:9      | Reached skill level 1 in Necromancy
  9152 | D:9      | Reached skill level 10 in Stealth
  9279 | D:9      | Found Fageyx's Armour Shop.
  9282 | D:9      | Bought a +2 buckler for 264 gold pieces
  9527 | D:9      | Reached skill level 5 in Fighting
  9555 | D:9      | Reached XP level 10. HP: 74/74 MP: 2/18
  9721 | D:9      | Found Umekkaug's Food Boutique.
 10201 | D:10     | Entered Level 10 of the Dungeon
 10208 | D:10     | Noticed a hill giant
 10213 | D:10     | Killed a hill giant
 10213 | D:10     | Reached skill level 1 in Shields
 10213 | D:10     | Reached skill level 10 in Hexes
 10232 | D:10     | Noticed a hill giant
 10239 | D:10     | Killed a hill giant
 10244 | D:10     | Noticed Grum
 10280 | D:10     | Killed Grum
 10649 | D:10     | Reached ** piety under Ashenzari
 11063 | D:10     | Noticed Josephine
 11122 | D:10     | Reached skill level 11 in Stealth
 11122 | D:10     | Reached XP level 11. HP: 76/81 MP: 7/20
 11284 | D:10     | Killed Josephine
 11338 | D:10     | Noticed a hill giant
 11346 | D:10     | Killed a hill giant
 11958 | D:11     | Noticed Erica
 11959 | D:11     | Killed Erica
 11959 | D:11     | Reached skill level 5 in Necromancy
 12265 | D:11     | Noticed a hill giant
 12274 | D:11     | Killed a hill giant
 12405 | D:11     | Noticed Maurice
 12408 | D:11     | Found a staircase to the Lair.
 12411 | D:11     | Killed Maurice
 12453 | D:11     | Noticed a brown ugly thing
 12467 | D:11     | Killed a brown ugly thing
 12726 | D:11     | Noticed a white ugly thing
 12747 | D:11     | Killed a white ugly thing
 12857 | Lair:1   | Entered Level 1 of the Lair of Beasts
 12933 | Lair:1   | Noticed Harold
 12955 | Lair:1   | Killed Harold
 12955 | Lair:1   | Reached XP level 12. HP: 89/89 MP: 20/22
 13026 | Lair:1   | Learned a level 6 spell: Invisibility
 13248 | Lair:1   | Reached skill level 5 in Charms
 13436 | Lair:2   | Reached skill level 12 in Stealth
 14075 | Lair:2   | Reached *** piety under Ashenzari
 14834 | Lair:2   | Found a hole to the Spider Nest.
 15151 | Lair:3   | Noticed a five-headed hydra
 15160 | Lair:3   | Killed a five-headed hydra
 15464 | Lair:3   | Noticed Urug
 15515 | Lair:3   | Killed Urug
 16065 | Lair:3   | Reached skill level 13 in Stealth
 16343 | Lair:3   | Reached XP level 13. HP: 91/96 MP: 9/24
 16945 | Lair:4   | Reached skill level 5 in Shields
 17183 | Lair:4   | Reached **** piety under Ashenzari
 17549 | Lair:4   | Found a staircase to the Shoals.
 17722 | Lair:5   | Found a staircase to the Slime Pits.
 17722 | Lair:5   | Found a viscous altar of Jiyva.
 17727 | Lair:5   | Noticed Snorg
 17883 | Lair:5   | Killed Snorg
 18626 | Lair:6   | Entered Level 6 of the Lair of Beasts
 18753 | Lair:6   | Noticed tstbtto's ghost (journeyman CeBe)
 18771 | Lair:6   | Killed tstbtto's ghost
 20306 | Lair:6   | Reached skill level 14 in Stealth
 20345 | Lair:6   | Reached XP level 14. HP: 105/105 MP: 17/26
 20709 | Lair:6   | Reached skill level 10 in Dodging
 21013 | Lair:6   | Reached skill level 10 in Short Blades
 21600 | Lair:6   | Identified Sif Muna's Reference Book on Changing
 21616 | Lair:6   | Learned a level 2 spell: Passwall
 21822 | D:12     | Found Seac's Weapon Emporium.
 21822 | D:12     | Found a staircase to the Orcish Mines.
 23955 | Orc:1    | Entered Level 1 of the Orcish Mines
 24033 | Orc:1    | Found a frozen archway.
 24222 | IceCv    | Entered an ice cave
 24436 | IceCv    | Reached skill level 15 in Stealth
 24692 | IceCv    | Reached XP level 15. HP: 112/112 MP: 10/28
 24919 | IceCv    | Reached ***** piety under Ashenzari
 24919 | IceCv    | Noticed a frost giant
 25302 | IceCv    | Killed a frost giant
 25534 | Orc:1    | Found a radiant altar of Vehumet.
 25895 | Orc:2    | Entered Level 2 of the Orcish Mines
 26017 | Orc:2    | Found Poizxec's Weapon Shop.
 26294 | Orc:2    | Found a staircase to the Elven Halls.
 26637 | Orc:2    | Found Suymakh's Antique Armour Emporium.
 26757 | Orc:2    | Bought a runed hat for 96 gold pieces
 26772 | Orc:2    | Found an ancient bone altar of Kikubaaqudgha.
 26773 | Orc:2    | Noticed Nergalle
 26795 | Orc:2    | Killed Nergalle
 27006 | Orc:2    | Found a radiant altar of Vehumet.
 27282 | Orc:2    | Found a roughly hewn altar of Beogh.
 27282 | Orc:2    | Found Tacowkuh's Magic Scroll Shoppe.
 27287 | Orc:2    | Found Jeol's Antique Armour Emporium.
 27311 | Orc:2    | Found Osima's Book Shoppe.
 27313 | Orc:2    | Bought a pitted leather armour for 147 gold pieces
 27313 | Orc:2    | Bought a spiked scale mail for 189 gold pieces
 27331 | Orc:2    | Bought a scroll of teleportation for 36 gold pieces
 27331 | Orc:2    | Bought a scroll of magic mapping for 42 gold pieces
 27331 | Orc:2    | Bought a scroll of teleportation for 36 gold pieces
 27331 | Orc:2    | Bought a scroll of identify for 24 gold pieces
 27331 | Orc:2    | Bought a scroll of teleportation for 36 gold pieces
 27331 | Orc:2    | Bought a scroll of random uselessness for 12 gold pieces
 27331 | Orc:2    | Bought a scroll of noise for 12 gold pieces
 27342 | Orc:2    | Identified the +4 scale mail "Neth" {rElec rPois rCorr Int+3} (You bought it in a shop on level 2 of the Orcish Mines)
 27357 | Orc:2    | Reached skill level 17 in Stealth
 27357 | Orc:2    | Reached XP level 16. HP: 120/120 MP: 29/29
 27400 | Orc:2    | Bought a distressingly furry ring mail for 216 gold pieces
 27400 | Orc:2    | Bought an encrusted ring mail for 216 gold pieces
 27410 | Orc:2    | Identified the +4 ring mail of Nobility {rCorr Str+3 Slay-4} (You bought it in a shop on level 2 of the Orcish Mines)
 27420 | Orc:2    | Identified the +2 ring mail "Anwaap" {rCorr} (You bought it in a shop on level 2 of the Orcish Mines)
 28035 | D:9      | Bought a +2 shield of protection for 344 gold pieces
 28289 | D:13     | Found Qatzischi's Magic Scroll Shop.
 28297 | D:13     | Bought 3 scrolls of remove curse for 162 gold pieces
 28297 | D:13     | Bought a scroll of remove curse for 54 gold pieces
 28297 | D:13     | Bought a scroll of identify for 36 gold pieces
 28297 | D:13     | Bought a scroll of identify for 36 gold pieces
 28311 | D:13     | Noticed Sonja
 28314 | D:13     | Killed Sonja
 28586 | D:13     | Found a gate to the Vaults.
 28859 | D:14     | Found a roughly hewn altar of Beogh.
 29701 | D:14     | Reached skill level 15 in Hexes
 30157 | D:15     | Entered Level 15 of the Dungeon
 30166 | D:15     | Noticed Nessos
 30171 | D:15     | Killed Nessos
 30258 | D:15     | Found a staircase to the Depths.
 30272 | D:15     | Noticed Rupert
 30380 | D:15     | Paralysed by Rupert for 5 turns
 30635 | Elf:1    | Entered Level 1 of the Elven Halls
 30817 | Elf:1    | Found Itirachagye's Book Emporium.
 30957 | Elf:1    | Identified a scroll of acquirement
 30962 | Elf:1    | Got the cursed quick blade "Jellybane" {pierce, rF+ rN+ Str-2 Stlth+}
 30963 | Elf:1    | Identified the cursed +10 quick blade "Jellybane" {pierce, rF+ rN+ Str-2 Stlth+} (You acquired it on level 1 of the Elven Halls)
 31016 | Elf:1    | Reached skill level 10 in Charms
 31037 | Elf:1    | Reached skill level 18 in Stealth
 31606 | Elf:1    | Reached skill level 10 in Spellcasting
 31625 | Elf:1    | Reached XP level 17. HP: 127/127 MP: 18/31
 32382 | Elf:2    | Found Byumauga's Weapon Shop.
 32522 | Elf:2    | Reached skill level 10 in Fighting
 32986 | Elf:2    | Found a huge runed gate.
 32986 | Elf:2    | Found a huge runed gate.
 32986 | Elf:2    | Found a huge runed gate.
 33021 | Elf:2    | Noticed a deep elf blademaster
 33039 | Elf:2    | Killed a deep elf blademaster
 33566 | Elf:2    | Reached skill level 19 in Stealth
 33593 | Elf:3    | Entered Level 3 of the Elven Halls
 33608 | Elf:3    | Found Wubutuck's Weapon Shoppe.
 34250 | Elf:3    | Found a deep blue altar of Sif Muna.
 34251 | Elf:3    | Identified the amulet of Nemidd {Dismiss *Drain rElec SInv}
 34476 | Elf:3    | Learned a level 2 spell: Repel Missiles
 34479 | Elf:3    | Learned a level 2 spell: Blink
 34484 | Elf:3    | Learned a level 4 spell: Summon Lightning Spire
 34717 | Elf:3    | Noticed an Ice Fiend
 35390 | Elf:3    | Noticed a deep elf blademaster
 35418 | Elf:3    | Killed a deep elf blademaster
 35418 | Elf:3    | Reached skill level 1 in Summonings
 35418 | Elf:3    | Reached skill level 1 in Translocations
 35640 | Elf:3    | Reached XP level 18. HP: 66/136 MP: 28/32
 35824 | Elf:3    | Identified the cursed +0 longbow "Gumiptayfe" {venom, rPois} (You took it off a deep elf archer on level 3 of the Elven Halls)
 36056 | Elf:3    | Noticed a Tzitzimitl
 37327 | Elf:1    | Bought a book of Frost for 525 gold pieces
 37331 | Elf:1    | Learned a level 3 spell: Ozocubu's Armour
 37672 | D:15     | Found a sparkling altar of Nemelex Xobeh.
 38356 | Spider:1 | Entered Level 1 of the Spider Nest
 38462 | Spider:1 | Reached skill level 10 in Shields
 39404 | Spider:2 | Reached skill level 20 in Stealth
 40055 | Spider:2 | Reached ****** piety under Ashenzari
 40412 | Spider:3 | Reached XP level 19. HP: 144/144 MP: 14/34
 40597 | Spider:3 | Identified the +10 glaive "Cemec" {freeze, +Rage +Inv rC- Int+7}
 40709 | Spider:3 | Noticed Arachne
 40716 | Spider:3 | Killed Arachne
 40771 | Spider:3 | Noticed Louise
 40785 | Spider:3 | Killed Louise
 41036 | Spider:4 | Entered Level 4 of the Spider Nest
 41211 | Spider:4 | Reached skill level 5 in Summonings
 42849 | Spider:4 | Got a gossamer rune of Zot
 43524 | Shoals:1 | Entered Level 1 of the Shoals
 43692 | Shoals:1 | Noticed Aizul
 43720 | Shoals:1 | Killed Aizul
 45030 | Shoals:2 | Reached skill level 5 in Translocations
 45225 | Shoals:3 | Noticed Jorgrun
 45244 | Shoals:3 | Killed Jorgrun
 45340 | Shoals:3 | Noticed Polyphemus
 45359 | Shoals:3 | Killed Polyphemus
 45443 | Shoals:3 | Noticed Donald
 45480 | Shoals:3 | Killed Donald
 45817 | Shoals:4 | Entered Level 4 of the Shoals
 45840 | Shoals:4 | Reached XP level 20. HP: 137/152 MP: 25/36
 45938 | Shoals:4 | Noticed Nikola
 46140 | Shoals:4 | Killed Nikola
 46147 | Shoals:4 | Identified the +8 great sword "mistymad's Death" {antimagic, -Tele rElec rPois rC++}
 46196 | Shoals:4 | Found Utuyty's Antique Armour Shop.
 46206 | Shoals:4 | Noticed Kirke
 46357 | Shoals:4 | Killed Kirke
 46406 | Shoals:4 | Got a barnacled rune of Zot
 46447 | Shoals:4 | Bought a slimy robe for 131 gold pieces
 46447 | Shoals:4 | Bought an encrusted leather armour for 161 gold pieces
 46447 | Shoals:4 | Bought a glowing buckler for 103 gold pieces
 46447 | Shoals:4 | Bought a glowing hat for 92 gold pieces
 46574 | Shoals:4 | Identified the +2 hunting sling of Zuthral {venom, rPois Int+3} (You took it off a merfolk javelineer on level 4 of the Shoals)
 46802 | Shoals:4 | Reached skill level 15 in Dodging
 46802 | Shoals:4 | Reached skill level 21 in Stealth
 46882 | Shoals:4 | Noticed Ilsuiw
 46922 | Shoals:4 | Killed Ilsuiw
 47604 | Vaults:1 | Entered Level 1 of the Vaults
 48026 | Vaults:1 | Reached skill level 1 in Evocations
 48074 | Vaults:1 | Identified the +6 ring mail of Gyxet {+Blink +Fly Int-3} (You found it on level 5 of the Dungeon)
 48074 | Vaults:1 | Identified the cursed +1 chain mail of the Hare {MR+} (You found it on level 11 of the Dungeon)
 48074 | Vaults:1 | Identified the cursed +0 leather armour "Acuuqicw" {Str+4 Int+3 Dex+6} (You bought it in a shop on level 2 of the Orcish Mines)
 48074 | Vaults:1 | Identified the +8 ring mail of Qorasab {*Corrode +Fly Str+5} (You took it off a deep elf blademaster on level 3 of the Elven Halls)
 48074 | Vaults:1 | Identified the +2 robe of the Battered Planets {rF+ rC- Str+4} (You bought it in a shop on level 4 of the Shoals)
 48074 | Vaults:1 | Identified the +3 leather armour "Hat Teeth" {Dex+4} (You bought it in a shop on level 4 of the Shoals)
 48378 | Vaults:1 | Cast into level 2 of the Abyss (a deep elf sorcerer)
 48418 | Vaults:1 | Escaped the Abyss
 49771 | Vaults:2 | Found Egimekue's Assorted Antiques.
 49812 | Vaults:2 | Bought a scroll of identify for 52 gold pieces
 49812 | Vaults:2 | Bought a potion of curing for 78 gold pieces
 50005 | Vaults:2 | Found a staircase to the Crypt.
 50263 | Vaults:3 | Reached XP level 21. HP: 159/159 MP: 31/37
 50700 | Vaults:3 | Noticed Mennas
 51054 | Vaults:3 | Identified the cursed +3 executioner's axe of Qeczen {drain, +Blink +Fly rF+ Str+4} (You took it off a deep elf knight on level 3 of the Vaults)
 51055 | Vaults:3 | Noticed Jory
 51083 | Vaults:3 | Killed Jory
 51142 | Vaults:3 | Found Gahec's Antique Weapon Boutique.
 51238 | Vaults:3 | Noticed Saint Roka
 51267 | Vaults:3 | Killed Saint Roka
 51905 | Vaults:3 | Reached skill level 22 in Stealth
 52209 | Vaults:4 | Found Penneteu's Assorted Antiques.
 52226 | Vaults:4 | Bought a steaming leather armour for 280 gold pieces
 52226 | Vaults:4 | Identified the +1 leather armour of Noux {rF- Str+4 Int+3} (You bought it in a shop on level 4 of the Vaults)
 52362 | Vaults:4 | Identified the +6 glaive "Viunk" {flame, rF+ Int+2} (You took it off an ironheart preserver on level 4 of the Vaults)
 52942 | Vaults:4 | Found Vusofil's Antique Weapon Shop.
 53260 | Vaults:4 | Reached skill level 5 in Evocations
 53922 | Vaults:4 | Reached XP level 22. HP: 169/169 MP: 39/39
 54259 | Depths:1 | Entered Level 1 of the Depths
 54459 | Depths:1 | Found a gateway to Hell.
 54467 | Depths:1 | Noticed Sojobo
 54658 | Depths:1 | Killed Sojobo
 55105 | Depths:1 | Found a one-way gate leading to the halls of Pandemonium.
 55169 | Depths:1 | Gained mutation: You tend to lose your temper in combat. [mutagenic glow]
 55223 | Depths:1 | Gained mutation: Your body sometimes deteriorates upon taking damage. [mutagenic glow]
 55641 | Lair:1   | Gained mutation: You have an increased reservoir of magic. (+10% MP) [potion of mutation]
 55641 | Lair:1   | Gained mutation: Your skin changes colour to match your surroundings (Stealth+). [potion of mutation]
 55642 | Lair:1   | Gained mutation: You are partially covered in yellow scales. (AC +2) [potion of mutation]
 55642 | Lair:1   | Gained mutation: You are agile. (Dex +2) [potion of mutation]
 55643 | Lair:1   | Gained mutation: You are partially covered in iridescent scales. (AC +4) [potion of mutation]
 55643 | Lair:1   | Lost mutation: Your body sometimes deteriorates upon taking damage. [potion of mutation]
 55643 | Lair:1   | Gained mutation: You are weak. (Str -2) [potion of mutation]
 55644 | Lair:1   | Gained mutation: You can translocate small distances at will. [potion of mutation]
 55644 | Lair:1   | Gained mutation: You often lose your temper in combat. [potion of mutation]
 55645 | Lair:1   | Lost mutation: You are weak. (Str -2) [potion of cure mutation]
 55645 | Lair:1   | Lost mutation: You are partially covered in yellow scales. (AC +2) [potion of cure mutation]
 55645 | Lair:1   | Lost mutation: You are agile. (Dex +2) [potion of cure mutation]
 55645 | Lair:1   | Lost mutation: Your skin changes colour to match your surroundings (Stealth+). [potion of cure mutation]
 55646 | Lair:1   | Lost mutation: You often lose your temper in combat. [potion of cure mutation]
 55646 | Lair:1   | Lost mutation: You tend to lose your temper in combat. [potion of cure mutation]
 55646 | Lair:1   | Lost mutation: You can translocate small distances at will. [potion of cure mutation]
 55646 | Lair:1   | Lost mutation: You are partially covered in iridescent scales. (AC +4) [potion of cure mutation]
 55646 | Lair:1   | Lost mutation: You have an increased reservoir of magic. (+10% MP) [potion of cure mutation]
 55918 | Depths:2 | Reached skill level 15 in Shields
 56257 | Depths:2 | Noticed Mara
 56306 | Depths:2 | Noticed mistymad's illusion
 56379 | Depths:2 | Killed Mara
 56930 | Depths:2 | Found a runed door.
 56989 | Depths:2 | Identified the amulet "Ujiete" {Reflect rN+++ SH+5}
 57418 | Depths:2 | Identified the ring of the Bruised Realms {Fire *Drain Str+4 SInv} (You took it off a vampire knight on level 2 of the Depths)
 57617 | Depths:2 | Identified the +7 glaive of Ynwuaneek {chop, Fragile rPois Int+3 Dex+3}
 57617 | Depths:2 | Identified the +9 mace "Nuaphil" {crush, +Inv rF- Int+6}
 57623 | Depths:2 | Reached skill level 23 in Stealth
 57653 | Depths:2 | Found a one-way gate to the infinite horrors of the Abyss.
 58000 | Depths:3 | Found a runed gate.
 58000 | Depths:3 | Found a runed gate.
 58000 | Depths:3 | Found a runed gate.
 58013 | Depths:3 | Reached XP level 23. HP: 176/176 MP: 40/40
 58278 | Depths:3 | Found a runed gate.
 58278 | Depths:3 | Found a runed gate.
 58278 | Depths:3 | Found a runed gate.
 58356 | Depths:3 | Learned a level 8 spell: Controlled Blink
 58400 | Depths:3 | Identified the Grimoire of Darkness and the Compass (You found it on level 3 of the Depths)
 58536 | Depths:3 | Found Ahoppesie's Antique Armour Emporium.
 58544 | Depths:3 | Bought a fabulously ornate robe for 285 gold pieces
 58544 | Depths:3 | Identified the +3 robe of the Four Curses {+Blink rPois Int-4} (You bought it in a shop on level 3 of the Depths)
 60504 | Depths:4 | Found a gateway to a ziggurat.
 61006 | Depths:4 | Identified the Papyrus of the Rocks and Flight (You found it on level 4 of the Depths)
 61485 | Depths:4 | Found a basalt altar of Yredelemnul.
 62058 | Depths:5 | Entered Level 5 of the Depths
 62412 | Depths:5 | Found a runed door.
 62414 | Depths:5 | Reached XP level 24. HP: 185/185 MP: 41/41
 62480 | Depths:5 | Reached skill level 24 in Stealth
 63656 | Depths:5 | Found a gate to the Realm of Zot.
 64562 | Depths:1 | Learned a level 7 spell: Haunt
 65415 | D:9      | Bought the +3 pair of gauntlets of War {Slay+5} for 760 gold pieces
 65734 | Vaults:5 | Entered Level 5 of the Vaults
 66001 | Vaults:4 | Reached skill level 1 in Throwing
 66113 | Vaults:5 | Noticed Wiglaf
 66199 | Vaults:4 | Killed Wiglaf
 66336 | Vaults:4 | Reached skill level 15 in Fighting
 66622 | Vaults:5 | Noticed an ancient lich
 66973 | Vaults:5 | Killed an ancient lich
 67158 | Vaults:5 | Noticed an ancient lich
 67182 | Vaults:5 | Reached skill level 25 in Stealth
 67187 | Vaults:5 | Gained mutation: Armour fits poorly on your strangely shaped body. [a shining eye]
 67195 | Vaults:5 | Killed an ancient lich
 67195 | Vaults:5 | Reached XP level 25. HP: 112/195 MP: 35/41
 67430 | Vaults:5 | Identified the ring "Junki" {rPois rF++ MP+9 Str+4 Slay+2} (You took it off a deep elf knight on level 5 of the Vaults)
 67594 | Vaults:5 | Identified the cursed +1 chain mail "Qoegry" {rPois Regen+ Int+3 SInv} (You took it off a vault warden on level 5 of the Vaults)
 67972 | Vaults:5 | Found Vaugisid's Food Shop.
 67972 | Vaults:5 | Found Diwe's Food Shoppe.
 67981 | Vaults:5 | Found Seraphal's Gadget Shop.
 68722 | Vaults:5 | Got a silver rune of Zot
 68851 | Vaults:5 | Identified the +6 mace "Rirghaun" {crush, Str+4}
 69170 | Vaults:5 | Found Ziwokaf's Food Shoppe.
 69349 | Vaults:5 | Identified the +1 dagger "Uzesim" {pierce, rElec rPois rF- Int+4}
 69357 | Vaults:5 | Identified the Tome of Boosting Intoxication
 69743 | Lair:1   | Learned a level 6 spell: Deflect Missiles
 69885 | Slime:1  | Entered Level 1 of the Pits of Slime
 70101 | Slime:5  | Entered Level 5 of the Pits of Slime
 70103 | Slime:5  | Gained mutation: You are partially covered in iridescent scales. (AC +4) [a shining eye]
 70104 | Slime:5  | Gained mutation: You are agile. (Dex +2) [a shining eye]
 70375 | Slime:5  | Noticed the Royal Jelly
 70378 | Slime:5  | Found a viscous altar of Jiyva.
 70380 | Slime:5  | Killed the Royal Jelly
 70381 | Slime:5  | Identified the cursed +0 helmet "Raodiyng" {+Blink Regen+}
 70381 | Slime:5  | Identified the cursed +1 ring mail of Charity {+Inv rPois SInv}
 70381 | Slime:5  | Identified the +5 chain mail "Inlothr Maut" {+Fly rF- rCorr Str+2}
 70381 | Slime:5  | Identified the +4 halberd of Exquisite Torment {drain, rN+}
 70381 | Slime:5  | Identified the quicksilver dragon armour of Evolution {MR+ Int+3}
 71337 | Slime:5  | Identified Fiwom's Hermeneutics in Simple Steps
 71421 | Slime:5  | Got a slimy rune of Zot
 71427 | Slime:5  | Identified the Volume of the Unstable Rocks (You found it on level 5 of the Pits of Slime)
 72093 | Lair:1   | Learned a level 2 spell: Shroud of Golubria
 72095 | Lair:1   | Learned a level 1 spell: Apportation
 72630 | Depths:2 | Voluntarily entered the Abyss.
 72723 | Abyss:2  | Found an iron altar of Okawaru.
 73006 | Abyss:3  | Found a hazy altar of Hepliaklqana.
 73092 | Abyss:3  | Reached XP level 26. HP: 212/212 MP: 41/41
 73412 | Abyss:3  | Paralysed by a giant eyeball for 3 turns
 73422 | Abyss:3  | Got an abyssal rune of Zot
 73446 | Depths:2 | Escaped the Abyss
 73651 | Zot:1    | Entered Level 1 of the Realm of Zot
 73858 | Zot:1    | Reached skill level 5 in Throwing
 75154 | Elf:3    | Learned a level 6 spell: Shadow Creatures
 76388 | Zot:3    | Noticed an orb of fire
 76388 | Zot:3    | Noticed an orb of fire
 77062 | Zot:4    | Reached XP level 27. HP: 224/224 MP: 41/41
 77164 | Zot:4    | Upgraded the game from 0.19-a0-607-g42021f0 to 0.19-a0-628-g9200b3b
 77219 | Zot:4    | Found a huge runed gate.
 77219 | Zot:4    | Found a huge runed gate.
 77221 | Zot:4    | Found a huge runed gate.
 77225 | Zot:4    | Found a huge runed gate.
 77225 | Zot:4    | Found a huge runed gate.
 77225 | Zot:4    | Found a huge runed gate.
 77225 | Zot:4    | Found a huge runed gate.
 77225 | Zot:4    | Found a huge runed gate.
 77225 | Zot:4    | Found a huge runed gate.
 77225 | Zot:4    | Found a huge runed gate.
 77225 | Zot:4    | Found a huge runed gate.
 77225 | Zot:4    | Found a huge runed gate.
 77225 | Zot:4    | Found a huge runed gate.
 77225 | Zot:4    | Noticed an ancient lich
 77225 | Zot:4    | Noticed an ancient lich
 77225 | Zot:4    | Found a huge runed gate.
 77225 | Zot:4    | Noticed an orb of fire
 77225 | Zot:4    | Noticed an ancient lich
 77226 | Zot:4    | Found a huge runed gate.
 77226 | Zot:4    | Noticed an orb of fire
 77226 | Zot:4    | Noticed an orb of fire
 77232 | Zot:4    | Found a huge runed gate.
 77472 | Zot:4    | Reached skill level 10 in Throwing
 77508 | Zot:5    | Entered Level 5 of the Realm of Zot
 78023 | Zot:3    | Gained mutation: Your spells are a little easier to cast, but a little less powerful. [an orb of fire]
 78025 | Zot:3    | Gained mutation: You expend magic power (3 MP) to strengthen your wands. [an orb of fire]
 78027 | Zot:3    | Killed an orb of fire
 78027 | Zot:3    | Reached skill level 10 in Summonings
 78262 | D:15     | Killed Rupert
 79178 | Lair:1   | Lost mutation: You are agile. (Dex +2) [potion of mutation]
 79178 | Lair:1   | Gained mutation: You are weak. (Str -2) [potion of mutation]
 79179 | Lair:1   | Lost mutation: You are weak. (Str -2) [potion of cure mutation]
 79179 | Lair:1   | Lost mutation: You expend magic power (3 MP) to strengthen your wands. [potion of cure mutation]
 79179 | Lair:1   | Lost mutation: Armour fits poorly on your strangely shaped body. [potion of cure mutation]
 79630 | Zot:5    | Noticed an ancient lich
 79640 | Zot:5    | Noticed an ancient lich
 79844 | Zot:5    | Cast into level 5 of the Abyss (a Zot trap)
 79844 | Abyss:5  | Entered Level 5 of the Abyss
 79874 | Zot:5    | Escaped the Abyss
 79883 | Zot:5    | Killed an ancient lich
 79906 | Zot:5    | Noticed an ancient lich
 79916 | Zot:5    | Noticed an ancient lich
 79918 | Zot:5    | Killed an ancient lich
 79942 | Zot:5    | Killed an ancient lich
 79999 | Zot:5    | Gained mutation: You are dopey. (Int -2) [mutagenic glow]
 80123 | Zot:5    | Noticed an ancient lich
 80152 | Zot:5    | Killed an ancient lich
 80583 | Zot:5    | Noticed an ancient lich
 80603 | Zot:5    | Killed an ancient lich
 80628 | Zot:5    | Noticed an orb of fire
 80658 | Zot:5    | Killed an orb of fire
 80659 | Zot:5    | Noticed an ancient lich
 80671 | Zot:5    | Killed an ancient lich
 80797 | Zot:5    | Noticed an orb of fire
 80798 | Zot:5    | Paralysed by the power of Zot for 4 turns
 81005 | Zot:5    | Gained mutation: You are clumsy. (Dex -2) [an orb of fire]
 81012 | Zot:5    | Gained mutation: Armour fits poorly on your strangely shaped body. [an orb of fire]
 81015 | Zot:5    | Gained mutation: You are weak. (Str -2) [an orb of fire]
 81045 | Zot:5    | Killed an orb of fire
 81407 | Zot:5    | Noticed an orb of fire
 81429 | Zot:5    | Killed an orb of fire
 81478 | Zot:5    | Noticed an orb of fire
 81492 | Zot:5    | Got the Orb of Zot
 81501 | Zot:5    | Gained mutation: Your magical capacity is low. (-10% MP) [an orb of fire]
 81508 | Zot:5    | Noticed an ancient lich
 81548 | Zot:5    | Noticed an ancient lich
 81554 | Zot:5    | Killed an ancient lich
 81662 | Zot:3    | Killed an orb of fire
 81790 | Depths:4 | Noticed Xeinlaf the pandemonium lord
 81839 | Depths:2 | Noticed Fimp the pandemonium lord
 81858 | Depths:2 | Noticed Pomuji the pandemonium lord
 81880 | Depths:2 | Noticed Norall the pandemonium lord
 81892 | Depths:2 | Gained mutation: You tend to lose your temper in combat. [a neqoxec]
 82118 | Depths:1 | Noticed Jeta the pandemonium lord
 82203 | D:15     | Killed Fimp the pandemonium lord
 82246 | D:15     | Gained mutation: You are occasionally teleported next to monsters. [a cacodemon]
 82565 | D:5      | Noticed Cumal the pandemonium lord
 82741 | D:1      | Noticed a seraph
 82747 | D:$      | Escaped with the Orb!

Vault maps used:
D:1:      dpeg_arrival_triangle_fractal, minmay_lizard_king
D:2:      nicolae_gozag_seed_capital, grunt_temple_overflow_open,
          grunt_decor_fettered, minmay_strange_pillars,
          nicolae_qazlal_style_of_elements, uniq_crazy_yiuf_cottage,
          uniq_terence
D:3:      trog_three_pillars_becter
D:5:      nicolae_dithmenos_the_darkroom, kennysheep_little_box,
          kennysheep_slug_shrine, temple_pool_b, first_bread, hex_tiny,
          minmay_misc_feat_roman, kennysheep_generic_room_10
D:6:      uniq_blork_the_orc, uniq_sigmund, uniq_eustachio, uniq_grinder
D:7:      nicolae_overflow_crystal_walls, gup_ossuary_entry_pyramid
D:8:      gammafunk_temple_overflow_pools
D:9:      serial_shops, nicolae_shop_waterfront, nicolae_shop_stone,
          kennysheep_mini, nicolae_shop_trees, uniq_prince_ribbit1
D:10:     uniq_grum, uniq_josephine
D:11:     minmay_lair_entry_lava, hangedman_fish_farm, uniq_erica, uniq_maurice
D:12:     orc_david_3, serial_glass, glass_columns_a, glass_columns_c,
          hangedman_corner_corridor
D:13:     grunt_vaults_entry_tiered, serial_shops, shop, uniq_sonja
D:14:     minmay_stone_box, special_room, minivault_14
D:15:     grunt_enter_depths_snipers, nemelex_xobeh_ov_fountains_minmay,
          uniq_rupert, uniq_nessos
Temple:   circular_temple_13
Lair:1:   lemuel_fruit_fields, uniq_harold
Lair:2:   spider_nest_entry_funnel_web, beast_lair_carwin_8
Lair:3:   cheibrodos_lair_caveside_slide, beast_lair_carwin_6,
          infiniplex_staircase_pool_2, grunt_megastairs_5, uniq_urug
Lair:4:   minmay_shoals_entry_hut
Lair:5:   slime_altar_1, lemuel_fruit_fields, grunt_megastairs_1, uniq_snorg
Lair:6:   evilmike_catoblepas_cave, grunt_megastairs_3, serial_bayou_shore_b
Shoals:1: uniq_aizul
Shoals:3: uniq_donald, uniq_polyphemus, uniq_jorgrun
Shoals:4: shoals_end_grunt_garden, shoals_ilsuiw_ice, serial_shops,
          nicolae_shop_behind_doors, nicolae_shoals_this_corrosion, uniq_kirke,
          uniq_nikola, uniq_ilsuiw
Spider:1: nicolae_spider_nook
Spider:2: hangedman_spider_tarantella_strand
Spider:3: uniq_arachne, uniq_louise
Spider:4: grunt_spider_rune_parallel, guppyfry_spider_mini_2
Slime:2:  basic_altar
Slime:3:  cheibrodos_slime_lost_civilization_7
Orc:1:    portal_ice_cave_entry_imps, lemuel_statue_altar
Orc:2:    kennysheep_orc_mage_school, serial_shops, nicolae_shop_statue_plus,
          nicolae_orc_crystal_geode
Elf:1:    serial_shops, shop, orc_legates, nicolae_wwwww
Elf:2:    serial_shops, nicolae_shop_statue_plus, serial_sigils_hangedman_etch
Elf:3:    elf_hall, serial_shops, shop, eino_tiny_chamber,
          hangedman_summoners_spam
Vaults:1: v_misc_32, v_rooms_3, vaults_room_pool, v_misc_18,
          hangedman_vaults_restitches, vaults_room_corners,
          ontoclasm_vaults_chip, v_misc_24, nicolae_vaults_little_squares_5,
          vaults_dpeg_encased_lava, vaults_dpeg_ring
Vaults:2: v_misc_33, v_misc_24, v_alt_pattern_3, v_misc_33,
          hangedman_vaults_trim, nicolae_vaults_display_case,
          vaults_room_semicircle, grunt_vaults_focal, grunt_vaults_hallway_long,
          minmay_crypt_entry_simple_plaza, nicolae_vaults_shelves_hall,
          nicolae_vaults_little_squares_3, nicolae_vaults_alarming,
          serial_shops, shop
Vaults:3: hangedman_vaults_snaps, nicolae_vaults_big_angled_halls, v_misc_22,
          nicolae_vaults_meeting, nicolae_vaults_arrows,
          nicolae_vaults_ring_of_whatevers, ontoclasm_vaults_bender,
          vaults_room_door_ring, v_misc_26, vaults_mumra_minichess_inversion,
          v_misc_30, v_misc_11, serial_shops, nicolae_shop_waterfront,
          uniq_mennas, uniq_jory, uniq_saint_roka
Vaults:4: hangedman_vaults_slither, v_misc_15, vaults_room_corners,
          nicolae_vaults_what_the_h, nicolae_vaults_specimen_jars,
          ontoclasm_vaults_chip, nicolae_vaults_shelves_hall,
          vaults_room_hangedman_quadrants, vaults_room_corners, serial_shops,
          nicolae_shop_waterfront, nicolae_shop_stone
Vaults:5: uniq_wiglaf
Depths:1: hell_entry, rand_demon_pan_entry_8, dpeg_stationary_puzzle,
          uniq_sojobo
Depths:2: box_level_dp, hell_entry, abyss_entry, uniq_mara
Depths:3: kennysheep_treasure_stockpile, serial_shops, nicolae_shop_crystal,
          minmay_hedge_maze, abyss_entry, lightli_too_deep,
          grunt_pan_entry_sceptre, st_stairs_9, infiniplex_staircase_spiral
Depths:4: lemuel_vampire_tower, enter_ziggurat_b, hellmouth_3,
          hangedman_abyss_entry_splay, infiniplex_staircase_zigzag_5,
          st_stairs_3, grunt_ministairs_1
Depths:5: grunt_crosshair, hell_entry, pan_entry, abyss_entry_small_statue_room,
          minmay_hidden_floor, serial_bayou_shore_b, basic_stair_grate_trap
Zot:1:    grunt_megastairs_4
Zot:2:    grunt_zot_stairs_faceoff
Zot:3:    lemuel_lake_of_fire
Zot:4:    st_stairs_3, door_vault
Zot:5:    st_stairs_14, basic_stair_grate_trap
Ossuary:  ossuary_minmay_chase
IceCv:    ice_cave_caverns_03

Skill      XL: |  1  2  3  4  5  6  7  8  9 10 11 12 13 14 15 16 17 18 19 20 21 22 23 24 25 26 27 |
---------------+----------------------------------------------------------------------------------+-----
Hexes          | 5 6 7 8 9 10 11 12 13 14 15 16 17 18 19 20 | 20.4
Fighting       | 1 2 3 4 5 6 7 8 9 10 11 12 13 14 15 18 19 22 | 22.4
Stealth        | 5 6 7 8 10 11 13 14 15 17 18 19 20 21 22 23 25 | 25.1
Dodging        | 3 4 5 6 7 8 9 10 11 12 13 14 15 17 18 19 20 21 23 | 23.1
Short Blades   | 2 4 6 7 8 9 10 | 10.2
Spellcasting   | 3 4 5 6 7 8 9 10 11 12 13 14 | 14.9
Charms         | 1 3 4 5 7 8 9 10 11 12 13 14 | 14.8
Necromancy     | 2 4 5 6 8 |  8.5
Shields        | 2 3 4 6 7 8 9 10 12 13 14 15 16 | 16.2
Summonings     | 1 4 6 7 9 12 | 12.9
Translocations | 1 3 5 7 8 |  8.2
Evocations     | 3 5 7 8 9 |  9.2
Throwing       | 1 3 9 10 | 10.0

Action                   |  1- 3 |  4- 6 |  7- 9 | 10-12 | 13-15 | 16-18 | 19-21 | 22-24 | 25-27 || total
-------------------------+-------+-------+-------+-------+-------+-------+-------+-------+-------++-------
Melee: Dagger            |   108 |   180 |   473 |   723 |  1715 |   596 |       |       |       ||  3795
       Bite              |     4 |    15 |    50 |    91 |   234 |   214 |   296 |   555 |   415 ||  1874
       Quick blade       |       |       |       |       |       |  1362 |  2561 |  3863 |  2368 || 10154
Throw: Throwing net      |       |       |       |       |       |       |     6 |     9 |    16 ||    31
 Cast: Corona            |     5 |       |     1 |       |       |       |     1 |       |       ||     7
       Ensorcelled Hiber |     4 |    17 |    22 |   134 |   171 |    45 |    79 |    36 |    16 ||   524
       Confuse           |       |    10 |    59 |    95 |   112 |    99 |   133 |   232 |    43 ||   783
       Regeneration      |       |       |     1 |       |       |    22 |    19 |    45 |    28 ||   115
       Tukima's Dance    |       |       |       |     5 |     1 |     5 |     1 |     2 |       ||    14
       Dazzling Spray    |       |       |       |     1 |    55 |    27 |    44 |    10 |     1 ||   138
       Invisibility      |       |       |       |       |    11 |    10 |    12 |     9 |    10 ||    52
       Spectral Weapon   |       |       |       |       |       |     8 |    19 |    40 |    30 ||    97
       Repel Missiles    |       |       |       |       |       |     3 |     1 |     1 |     1 ||     6
       Blink             |       |       |       |       |       |     4 |     1 |     6 |     6 ||    17
       Ozocubu's Armour  |       |       |       |       |       |     2 |    15 |    47 |    38 ||   102
       Summon Lightning  |       |       |       |       |       |       |     1 |     2 |     1 ||     4
       Passwall          |       |       |       |       |       |       |       |       |    21 ||    21
       Deflect Missiles  |       |       |       |       |       |       |       |       |     5 ||     5
       Shadow Creatures  |       |       |       |       |       |       |       |       |    33 ||    33
Invok: Curse Item        |       |       |       |       |       |     3 |     4 |     2 |     6 ||    15
       Scrying           |       |       |       |       |       |     2 |       |     1 |     2 ||     5
 Abil: End Transformatio |       |       |       |       |     3 |     2 |     1 |       |       ||     6
       Bat Form          |       |       |       |       |     3 |     2 |     1 |       |       ||     6
       Stop Flying       |       |       |       |       |       |     1 |     3 |     4 |     2 ||    10
       Evoke Flight      |       |       |       |       |       |       |     3 |     4 |     2 ||     9
Evoke: Wand              |       |       |       |       |     5 |    16 |     5 |    15 |    20 ||    61
       Fan of gales      |       |       |       |       |       |       |       |     1 |     1 ||     2
       Lamp of fire      |       |       |       |       |       |       |       |     1 |       ||     1
       Sack of spiders   |       |       |       |       |       |       |       |       |     4 ||     4
       Box of beasts     |       |       |       |       |       |       |       |       |     1 ||     1
  Use: Potion            |     2 |     4 |     6 |     7 |    12 |    26 |    10 |    26 |    61 ||   154
       Scroll            |       |       |       |    10 |     5 |    11 |    18 |    10 |    26 ||    80
 Stab: Sleeping          |     5 |    24 |    43 |   107 |   146 |   135 |   140 |    59 |    84 ||   743
       Distracted        |     2 |       |       |     4 |     3 |    10 |    18 |    38 |    42 ||   117
       Confused          |       |     5 |    38 |    60 |    60 |    66 |   107 |   137 |    25 ||   498
       Invisible         |       |       |       |     1 |    98 |    74 |   125 |    67 |    85 ||   450
       Held in net/web   |       |       |       |       |       |       |     6 |     9 |     9 ||    24
  Eat: Corpse            |       |       |       |       |       |       |     2 |       |       ||     2
Armor: Robe              |    32 |    60 |    92 |    83 |   180 |   144 |   188 |   305 |   169 ||  1253
Dodge: Dodged            |    55 |   118 |   210 |   341 |   685 |   498 |   792 |  1373 |   882 ||  4954
       Deflected         |       |       |       |       |       |     2 |    24 |    26 |    38 ||    90
Block: Buckler           |       |       |     2 |   319 |   764 |    67 |       |       |       ||  1152
       Reflection        |       |       |       |     4 |    15 |    49 |   100 |    84 |    35 ||   287
       Shield            |       |       |       |       |       |   822 |  1504 |  2563 |  1362 ||  6251
